 Dungeon Crawl Stone Soup version 0.31-a0-237-g2d982f9f85 (webtiles) character file.

Game seed: 3079470675382547631

315 qw the Shooter (level 6, -6/37 HPs)
             Began as a Gargoyle Hexslinger on July 10, 2023.
             Mangled by a black bear (8 damage)
             ... on level 3 of the Dungeon.
             The game lasted 00:01:16 (2410 turns).

qw the Shooter (Gargoyle Hexslinger)                Turns: 2410, Time: 00:01:16

Health: -6/37      AC: 12    Str: 11      XL:     6   Next: 43%
Magic:  7/7        EV: 10    Int: 11 (14) God:
Gold:   242        SH:  0    Dex: 11 (14) Spells: 6/7 levels left

rFire   + . .        Y - +1 sling
rCold   . . .        (no shield)
rNeg    + . .        i - +1 ring mail {rF+}
rPois   inf          m - +2 hat
rElec   +            (no cloak)
rCorr   .            (no gloves)
SInv    +            (no boots)
Will    .....        (no amulet)
Stlth   +            e - ring of see invisible
HPRegen 0.26/turn    (no ring)
MPRegen 0.10/turn

%: no passive effects
@: about to teleport
A: sickness immunity, AC +4, negative energy resistance 1, electricity
resistance, torment resistance 1, petrification resistance
a: no special abilities


You were on level 3 of the Dungeon.
You visited 1 branch of the dungeon, and saw 3 of its levels.

You collected 242 gold pieces.


Innate Abilities, Weirdness & Mutations

You are immune to sickness and miasma.
Your stone body is resilient. (AC +4)
You are immune to poison.
You resist negative energy. (rN+)
You are resistant to electric shocks. (rElec)
You are resistant to unholy torment.
You are immune to petrification.


   Skills:
 - Level 3.0 Fighting
 + Level 5.9 Ranged Weapons
 - Level 1.0 Armour
 - Level 1.5 Dodging
 - Level 1.0 Spellcasting
 - Level 2.6 Hexes


You had 6 spell levels left.
You knew the following spells:

 Your Spells              Type           Power      Damage    Failure   Level
a - Slow                  Hex            24%        N/A       26%         1

Your spell library contained the following spells:

 Spells                   Type           Power      Damage    Failure   Level
 Inner Flame              Hex/Fire       3%         N/A       78%         3
 Portal Projectile        Hex/Tloc       6%         N/A       78%         3
 Cause Fear               Hex            3%         N/A       94%         4

Inventory:

Hand Weapons
 Y - a +1 sling (weapon)
Armour
 i - a +1 ring mail of fire resistance (worn)
 m - a +2 hat (worn)
Jewellery
 e - a ring of see invisible (left hand)
Scrolls
 a - 4 scrolls of teleportation
 b - a scroll of torment {unknown}
 h - a scroll of identify
Potions
 c - a potion of attraction {unknown}
 d - a potion of enlightenment {unknown}
 f - a potion of magic {unknown}
 g - a potion of curing {unknown}
 j - a potion of invisibility {unknown}

Dungeon Overview and Level Annotations

Branches:
Dungeon (3/15)

Altars:

Shops:
D:1 *


Message History

The black bear claws you but does no damage.
You shoot a sling bullet.
The sling bullet barely misses the black bear.
The black bear bites you but does no damage.
The black bear closely misses you. The black bear claws you.
The black bear barely misses you.
The black bear claws you but does no damage. x2
You shoot a sling bullet. The sling bullet hits the black bear.
The black bear is severely wounded.
The black bear goes berserk!
You shoot a sling bullet. The sling bullet hits the black bear.
The black bear is severely wounded.
The black bear closely misses you. The black bear barely misses you.
The black bear claws you but does no damage.
The black bear bites you but does no damage.
The black bear claws you but does no damage. x2
You shoot a sling bullet. The sling bullet hits the black bear.
The black bear is severely wounded.
The black bear bites you but does no damage.
The black bear claws you but does no damage.
The black bear closely misses you.
The black bear bites you but does no damage.
The black bear claws you but does no damage.
The black bear misses you.
You shoot a sling bullet. The sling bullet hits the black bear.
The black bear is almost dead.
The black bear bites you!
The black bear claws you but does no damage. x2
2409 ||| READING 5 scrolls of teleportation.
As you read the scroll of teleportation, it crumbles to dust.
You feel strangely unstable. The black bear bites you.
The black bear claws you but does no damage. x2
The black bear barely misses you.
The black bear claws you but does no damage.
The black bear claws you.
You shoot a sling bullet.
The sling bullet barely misses the black bear.
The black bear bites you!
You die...

......# #.# #######
#.# #. #)# #. #.#
###.#.### #...)...# #
#.#.....## ...
..........######.....
....##........@h%.....
#.## #.....######.....
# #[.#### ... #..# .
....# ###.. ..


You could see a black bear (berserk).

Vanquished Creatures
  A bullfrog (D:3)
  3 jellies (D:2)
  8 adders
  4 dart slugs
  An orc (D:3)
  6 ball pythons
  18 endoplasms
  2 giant cockroaches
  A goblin (D:3)
  5 hobgoblins
  6 jackals
  13 kobolds
  A quokka (D:3)
  5 bats
  4 frilled lizards
  4 rats
82 creatures vanquished.

Notes
Turn   | Place    | Note
-------+----------+-------------------------------------------
     0 | D:1      | qw the Gargoyle Hexslinger began the quest for the Orb.
     0 | D:1      | Reached XP level 1. HP: 12/12 MP: 2/2
     0 | D:1      | 0 ||| qw: Version: 0.3-a-52-g30416fa
     0 | D:1      | 0 ||| qw: Game counter: 5126
     0 | D:1      | 0 ||| qw: Melee chars always use a shield: true
     0 | D:1      | 0 ||| qw: God list: Okawaru
     0 | D:1      | 0 ||| qw: Allow faded altars: false
     0 | D:1      | 0 ||| qw: Do Orc after clearing Dungeon:15 true
     0 | D:1      | 0 ||| qw: Do second Lair branch before Depths: true
     0 | D:1      | 0 ||| qw: Lair rune preference: random
     0 | D:1      | 0 ||| qw: Goals: Normal
     0 | D:1      | 0 ||| PLANNING D:1-11
    39 | D:1      | HP: 2/12 [frozen (4)]
   121 | D:1      | Reached XP level 2. HP: 11/16 MP: 3/3
   316 | D:1      | Reached skill level 3 in Ranged Weapons
   488 | D:1      | Reached XP level 3. HP: 21/21 MP: 4/4
   716 | D:1      | Found Koown's General Store.
   826 | D:1      | 826 ||| UPGRADING to +0 leather armour.
   836 | D:1      | 836 ||| DROPPING +0 robe.
   837 | D:1      | 837 ||| UPGRADING to +1 ring mail of fire resistance.
   847 | D:1      | 847 ||| DROPPING +0 leather armour.
   848 | D:1      | 848 ||| UPGRADING to +2 hat.
   853 | D:1      | 853 ||| UPGRADING to ring of see invisible.
   854 | D:1      | 854 ||| READING scroll labelled KANYAMI MUMUUK.
   857 | D:1      | 857 ||| READING 2 scrolls labelled DAMNES PAOTYD.
   858 | D:1      | 858 ||| READING scroll labelled HITEFI ASHROR.
   859 | D:1      | 859 ||| READING scroll labelled KODGHA SAMNA.
   860 | D:1      | 860 ||| READING scroll labelled GENUPHAECS.
   861 | D:1      | 861 ||| DROPPING scroll of poison.
   862 | D:1      | 862 ||| DROPPING scroll of vulnerability.
  1018 | D:2      | Reached XP level 4. HP: 17/26 MP: 5/5
  1090 | D:2      | Reached skill level 4 in Ranged Weapons
  1399 | D:2      | Reached skill level 1 in Armour
  1515 | D:2      | Reached XP level 5. HP: 29/30 MP: 6/6
  1528 | D:2      | Reached skill level 5 in Ranged Weapons
  1557 | D:2      | 1557 ||| FLEEEEING.
  1558 | D:2      | 1558 ||| FLEEEEING.
  1559 | D:2      | 1559 ||| FLEEEEING.
  1568 | D:2      | 1568 ||| FLEEEEING.
  1569 | D:2      | 1569 ||| FLEEEEING.
  1570 | D:2      | 1570 ||| FLEEEEING.
  1571 | D:2      | 1571 ||| FLEEEEING.
  1572 | D:2      | 1572 ||| FLEEEEING.
  1573 | D:2      | 1573 ||| FLEEEEING.
  1574 | D:2      | 1574 ||| FLEEEEING.
  1577 | D:2      | 1577 ||| FLEEEEING.
  1578 | D:2      | 1578 ||| FLEEEEING.
  1579 | D:2      | 1579 ||| FLEEEEING.
  1580 | D:2      | 1580 ||| FLEEEEING.
  1584 | D:2      | 1584 ||| FLEEEEING.
  1585 | D:2      | 1585 ||| FLEEEEING.
  1586 | D:2      | 1586 ||| FLEEEEING.
  1587 | D:2      | 1587 ||| FLEEEEING.
  1588 | D:2      | 1588 ||| FLEEEEING.
  1595 | D:2      | 1595 ||| FLEEEEING.
  1596 | D:2      | 1596 ||| FLEEEEING.
  1597 | D:2      | 1597 ||| FLEEEEING.
  1598 | D:2      | 1598 ||| FLEEEEING.
  1599 | D:2      | 1599 ||| FLEEEEING.
  1600 | D:2      | 1600 ||| FLEEEEING.
  1601 | D:2      | 1601 ||| FLEEEEING.
  1795 | D:2      | 1795 ||| READING scroll labelled WUOHIU AGUH.
  1796 | D:2      | 1796 ||| DRINKING 2 black potions.
  1797 | D:2      | 1797 ||| DROPPING potion of degeneration.
  1913 | D:3      | Reached skill level 3 in Fighting
  1950 | D:3      | Reached XP level 6. HP: 37/37 MP: 7/7
  2387 | D:3      | Noticed a black bear
  2408 | D:3      | HP: 5/37 [black bear (11)]
  2409 | D:3      | 2409 ||| READING 5 scrolls of teleportation.
  2409 | D:3      | HP: 2/37 [black bear (1)]
  2410 | D:3      | Mangled by a black bear

Levels and vault maps discovered:
D:1:      ncdulo_wetmaze, layout_loops_ring, serial_shops,
          nicolae_shop_back_alley_shop
D:2:      cheibrodos_fertilizer, layout_loops_ring
D:3:      layout_loops_corners, serial_shops, shop

Skill      XL: |  1  2  3  4  5 |
---------------+----------------+-----
Ranged Weapons | 3 4 5 |  5.9
Fighting       | 2 3 |  3.0
Armour         | 1 |  1.0
Dodging        | |  1.5
Spellcasting   | |  1.0
Hexes          | |  2.6

Action                     |  1- 3 |  4- 6 || total
---------------------------+-------+-------++-------
   Fire: Sling             |   116 |   202 ||   318
    Use: Scroll            |     5 |     2 ||     7
         Potion            |       |     1 ||     1
 Armour: Robe              |    14 |       ||    14
         Ring mail         |    16 |   113 ||   129
  Dodge: Dodged            |    53 |    72 ||   125

Table legend:
 A = Non-vault XP
 B = Vault XP
 C = Vault XP percentage of total XP
 D = Non-vault monster count
 E = Vault monster count
 F = Vault count percentage of total count
                 A         B        C        D         E       F
            +---------+---------+-------+---------+---------+-------
      Total |     298 |     152 |  33.8 |      64 |      18 |  22.0
            +---------+---------+-------+---------+---------+-------
        D:1 |      46 |       0 |   0.0 |      25 |       0 |   0.0
        D:2 |      82 |     152 |  65.0 |      19 |      18 |  48.6
        D:3 |     170 |       0 |   0.0 |      20 |       0 |   0.0
            +---------+---------+-------+---------+---------+-------
